PAA
NORTHVILLE ECLIPSE @ MYRTLE BEACH MERMEN
07/30/2030
 
TOP OF THE 1ST
Northville Eclipse batting - Pitching for Myrtle Beach Mermen : RHP Jeff Merritt
Pitching: RHP Jeff Merritt
Batting: LHB Darrell Woodmansee 0-0: Foul Ball, location: 2F
0-1: Ball
1-1: Ball
2-1: Ball
3-1: Foul Ball, location: 2F
3-2: Base on Balls
Batting: LHB Octávio Ontiveros 0-0: Called Strike
0-1: Called Strike
0-2: Ball
1-2: Foul Ball, location: 2F
1-2: Ball
2-2: Ball
3-2: Base on Balls
Darrell Woodmansee to second
Batting: RHB Chang-lit Min 0-0: Grounds into double play, 3-6-3 (Groundball, 34)
Darrell Woodmansee to third
Batting: LHB Jorge Borbón 0-0: Ball
1-0: Ball
2-0: Ball
3-0: Base on Balls
Batting: RHB Sidney Mackell 0-0: Ball
1-0: Foul Ball, location: 2F
1-1: Foul Ball, location: 2F
1-2: Ball
2-2: Ball
3-2: Strikes out looking
Top of the 1st over - 0 runs, 0 hits, 0 errors, 2 left on base; Northville 0 - Myrtle Beach 0
BOTTOM OF THE 1ST
Myrtle Beach Mermen batting - Pitching for Northville Eclipse : LHP Ricardo Fraga
Pitching: LHP Ricardo Fraga
Batting: LHB Ramón Flores 0-0: Ball
1-0: Foul Ball, location: 2F
1-1: Swinging Strike
1-2: Strikes out looking and he ARGUES THE CALL AND IS TOSSED!
Batting: RHB Landon Edwards 0-0: Called Strike
0-1: SINGLE (Flyball, 89S)
Batting: RHB Maik Palen 0-0: Ball
1-0: Ball
2-0: Foul Ball, location: 2F
2-1: SINGLE (Groundball, 56D)
Landon Edwards to second
Batting: LHB Shigenobu Ohayashi 0-0: Swinging Strike
0-1: Swinging Strike
0-2: Foul Ball, location: 2F
0-2: Ball
1-2: Ball
2-2: Foul Ball, location: 2F
2-2: Fly out, F9 (Flyball, 89D)
Batting: RHB Sancho Romero 0-0: Ball
1-0: Called Strike
1-1: Ball
2-1: Ball
3-1: Called Strike
3-2: Base on Balls
Landon Edwards to third
Maik Palen to second
Batting: RHB Maikel Cobblepot 0-0: Foul Ball, location: 2F
0-1: Ball
1-1: Ball
2-1: GRAND SLAM HOME RUN (Flyball, 78XD), Distance : 404 ft
Batting: RHB Héctor Rivera 0-0: Called Strike
0-1: Ball
1-1: Ball
2-1: Ball
3-1: DOUBLE (Groundball, 5L)
Batting: RHB David Meléndez 0-0: Ball
1-0: Foul Ball, location: 2F
1-1: Swinging Strike
1-2: Ball
2-2: Foul Ball, location: 2F
2-2: Strikes out swinging
Bottom of the 1st over - 4 runs, 4 hits, 0 errors, 1 left on base; Northville 0 - Myrtle Beach 4
TOP OF THE 2ND
Northville Eclipse batting - Pitching for Myrtle Beach Mermen : RHP Jeff Merritt
Now at SS: Guillermo Montepeque
Batting: RHB Manuel Barrios 0-0: Called Strike
0-1: Swinging Strike
0-2: SOLO HOME RUN (Line Drive, 7LD), Distance : 350 ft
Batting: RHB Alfonso Grappasonni 0-0: Ball
1-0: Ball
2-0: Called Strike
2-1: Ball
3-1: Base on Balls
Batting: RHB Dave Shaw 0-0: Fly out, F9 (Line Drive, 89D)
Batting: RHB John Townsend 0-0: Called Strike
Alfonso Grappasonni steals 2nd base
0-1: SINGLE (Groundball, 56S) (infield hit)
Alfonso Grappasonni to third
Batting: LHB Darrell Woodmansee 0-0: Foul Ball, location: 2F
0-1: Ball
1-1: Foul Ball, location: 2F
1-2: Fielders Choice at 2nd, 1-6 (Groundball, 13S)
Batting: LHB Octávio Ontiveros 0-0: Ball
1-0: Ball
2-0: Ball
3-0: Called Strike
3-1: Base on Balls
Darrell Woodmansee to second
Batting: RHB Chang-lit Min 0-0: Ball
1-0: DOUBLE (Groundball, 5L)
Alfonso Grappasonni scores
Darrell Woodmansee scores
Octávio Ontiveros to third
Batting: LHB Jorge Borbón 0-0: Fly out, F7 (Flyball, 78D)
Top of the 2nd over - 3 runs, 3 hits, 0 errors, 2 left on base; Northville 3 - Myrtle Beach 4
BOTTOM OF THE 2ND
Myrtle Beach Mermen batting - Pitching for Northville Eclipse : LHP Ricardo Fraga
Batting: RHB Gomez Talone 0-0: Ball
1-0: Called Strike
1-1: Ground out 4-3 (Groundball, 4M)
Batting: RHB Guillermo Montepeque 0-0: Fly out, F9 (Flyball, 9D)
Batting: RHB Landon Edwards 0-0: Ball
1-0: Ball
2-0: Fly out, F8 (Flyball, 89D)
Bottom of the 2nd over - 0 runs, 0 hits, 0 errors, 0 left on base; Northville 3 - Myrtle Beach 4
TOP OF THE 3RD
Northville Eclipse batting - Pitching for Myrtle Beach Mermen : RHP Jeff Merritt
Batting: RHB Sidney Mackell 0-0: Ball
1-0: Ball
2-0: Called Strike
2-1: Swinging Strike
2-2: Strikes out swinging
Batting: RHB Manuel Barrios 0-0: Ball
1-0: Foul Ball, location: 2F
1-1: Ball
2-1: Foul Ball, location: 2F
2-2: Foul Ball, location: 2F
2-2: SOLO HOME RUN (Flyball, 7D), Distance : 349 ft
Batting: RHB Alfonso Grappasonni 0-0: Ball
1-0: Ball
2-0: Ball
3-0: Base on Balls
Batting: RHB Dave Shaw 0-0: Called Strike
Alfonso Grappasonni steals 2nd base
0-1: Foul Ball, location: 2F
0-2: Ball
1-2: Ball
2-2: Strikes out swinging
Batting: RHB John Townsend 0-0: Called Strike
0-1: Foul Ball, location: 2F
0-2: Ball
1-2: Strikes out swinging
Top of the 3rd over - 1 run, 1 hit, 0 errors, 1 left on base; Northville 4 - Myrtle Beach 4
BOTTOM OF THE 3RD
Myrtle Beach Mermen batting - Pitching for Northville Eclipse : LHP Ricardo Fraga
Batting: RHB Maik Palen 0-0: Called Strike
0-1: Ball
1-1: Foul Ball, location: 2F
1-2: Ball
2-2: Ball
3-2: Foul Ball, location: 2F
3-2: Foul Ball, location: 2F
3-2: Base on Balls
Batting: LHB Shigenobu Ohayashi 0-0: Grounds into double play, 6-4-3 (Groundball, 6)
Batting: RHB Sancho Romero 0-0: Ball
1-0: Ground out 5-3 (Groundball, 56)
Bottom of the 3rd over - 0 runs, 0 hits, 0 errors, 0 left on base; Northville 4 - Myrtle Beach 4
TOP OF THE 4TH
Northville Eclipse batting - Pitching for Myrtle Beach Mermen : RHP Jeff Merritt
Batting: LHB Darrell Woodmansee 0-0: Ball
1-0: Foul Ball, location: 2F
1-1: Ground out 6-3 (Groundball, 6)
Batting: LHB Octávio Ontiveros 0-0: Ball
1-0: Ball
2-0: Ball
3-0: Base on Balls
Batting: RHB Chang-lit Min 0-0: Called Strike
0-1: Ground out 5-3 (Groundball, 5S)
Octávio Ontiveros to second
Batting: LHB Jorge Borbón 0-0: Ball
1-0: Ball
2-0: Ball
3-0: Called Strike
3-1: Base on Balls
Batting: RHB Sidney Mackell 0-0: Ball
1-0: Ball
2-0: Ball
3-0: Called Strike
3-1: Base on Balls
Octávio Ontiveros to third
Jorge Borbón to second
Batting: RHB Manuel Barrios 0-0: Ball
1-0: Ball
2-0: Ball
3-0: Base on Balls
Octávio Ontiveros scores
Jorge Borbón to third
Sidney Mackell to second
Batting: RHB Alfonso Grappasonni 0-0: SINGLE (Groundball, 56D)
Jorge Borbón scores
Sidney Mackell to third
Manuel Barrios to second
Runner from 3rd tries for Home, SAFE, no throw
Pitching: RHP Jorge Reyna
Batting: RHB Dave Shaw 0-0: SINGLE (Groundball, 4MD)
Manuel Barrios to third
Alfonso Grappasonni to second
Runner from 3rd tries for Home, SAFE, no throw
Batting: RHB John Townsend 0-0: Ball
1-0: Called Strike
1-1: Called Strike
1-2: Ball
2-2: Fly out, F7 (Flyball, 7)
Top of the 4th over - 4 runs, 2 hits, 0 errors, 2 left on base; Northville 8 - Myrtle Beach 4
BOTTOM OF THE 4TH
Myrtle Beach Mermen batting - Pitching for Northville Eclipse : LHP Ricardo Fraga
Batting: RHB Maikel Cobblepot 0-0: Called Strike
0-1: Ball
1-1: Called Strike
1-2: Ball
2-2: Ball
3-2: Base on Balls
Batting: RHB Héctor Rivera 0-0: Ball
1-0: Ball
2-0: Foul Ball, location: 2F
2-1: Ball
3-1: Foul Ball, location: 2F
3-2: Foul Ball, location: 2F
3-2: Base on Balls
Maikel Cobblepot to second
Batting: RHB David Meléndez 0-0: Ball
1-0: Called Strike
Maikel Cobblepot steals 3rd base
1-1: Ball
2-1: Ball
3-1: Fly out, F6 (Line Drive, 6)
Batting: RHB Gomez Talone 0-0: Ball
1-0: Ball
2-0: Swinging Strike
2-1: Ball
3-1: Foul Ball, location: 2F
3-2: Strikes out looking
Batting: RHB Guillermo Montepeque 0-0: Called Strike
0-1: Fielders Choice at 2nd, U4 (Groundball, 4M)
Bottom of the 4th over - 0 runs, 0 hits, 0 errors, 2 left on base; Northville 8 - Myrtle Beach 4
TOP OF THE 5TH
Northville Eclipse batting - Pitching for Myrtle Beach Mermen : RHP Jorge Reyna
Batting: LHB Darrell Woodmansee 0-0: Ground out U3 (Groundball, 3L)
Batting: LHB Octávio Ontiveros 0-0: SINGLE (Line Drive, 78S)
Batting: RHB Chang-lit Min 0-0: Ball
1-0: Ball
2-0: Ball
3-0: Base on Balls
Octávio Ontiveros to second
Batting: LHB Jorge Borbón 0-0: Ball
1-0: SINGLE (Flyball, 89S)
Octávio Ontiveros to third
Chang-lit Min to second
Throwing error, E9
Octávio Ontiveros scores
Chang-lit Min to third
Jorge Borbón to second
Batting: RHB Sidney Mackell 0-0: Ground out 5-3 (Groundball, 56)
Batting: RHB Manuel Barrios 0-0: Ball
1-0: Called Strike
1-1: Called Strike
1-2: Foul Ball, location: 2F
1-2: Ball
2-2: Ball
3-2: Base on Balls
Batting: RHB Alfonso Grappasonni 0-0: Ball
1-0: Foul Ball, location: 2F
1-1: Ball
2-1: Foul Ball, location: 2F
2-2: Strikes out swinging
Top of the 5th over - 1 run, 2 hits, 1 error, 3 left on base; Northville 9 - Myrtle Beach 4
BOTTOM OF THE 5TH
Myrtle Beach Mermen batting - Pitching for Northville Eclipse : LHP Ricardo Fraga
Batting: RHB Landon Edwards 0-0: Swinging Strike
0-1: Foul Ball, location: 2F
0-2: Strikes out swinging
Batting: RHB Maik Palen 0-0: Called Strike
0-1: Ball
1-1: Foul Ball, location: 2F
1-2: DOUBLE (Flyball, 89XD)
Batting: LHB Shigenobu Ohayashi 0-0: Ball
1-0: Ball
2-0: Called Strike
2-1: Fly out, F9 (Flyball, 89S)
Batting: RHB Sancho Romero 0-0: Ground out 5-3 (Groundball, 56)
Bottom of the 5th over - 0 runs, 1 hit, 0 errors, 1 left on base; Northville 9 - Myrtle Beach 4
TOP OF THE 6TH
Northville Eclipse batting - Pitching for Myrtle Beach Mermen : RHP Jorge Reyna
Batting: RHB Dave Shaw 0-0: Called Strike
0-1: Ball
1-1: Foul Ball, location: 2F
1-2: Foul Ball, location: 2F
1-2: Foul Ball, location: 2F
1-2: Foul Ball, location: 2F
1-2: Ball
2-2: Foul Ball, location: 2F
2-2: Ball
3-2: Ground out 4-3 (Groundball, 4MS)
Now at 2B: Jorge Reyes
Batting: RHB John Townsend 0-0: Foul Ball, location: 2F
0-1: Ground out 5-3 (Groundball, 56)
Batting: LHB Darrell Woodmansee 0-0: Called Strike
0-1: Ball
1-1: Ball
2-1: Ball
3-1: Foul Ball, location: 2F
3-2: Base on Balls
Batting: LHB Octávio Ontiveros 0-0: Ball
1-0: Ball
2-0: Called Strike
2-1: Fly out, F9 (Flyball, 9)
Top of the 6th over - 0 runs, 0 hits, 0 errors, 1 left on base; Northville 9 - Myrtle Beach 4
BOTTOM OF THE 6TH
Myrtle Beach Mermen batting - Pitching for Northville Eclipse : LHP Ricardo Fraga
Batting: RHB Maikel Cobblepot 0-0: Called Strike
0-1: Ball
1-1: Fly out, F6 (Line Drive, 6)
Batting: RHB Héctor Rivera 0-0: Swinging Strike
0-1: Foul Ball, location: 2F
0-2: Fly out, F9 (Flyball, 9)
Batting: RHB David Meléndez 0-0: Called Strike
0-1: Swinging Strike
0-2: Ball
1-2: Ball
2-2: Ground out 4-3 (Groundball, 4)
Bottom of the 6th over - 0 runs, 0 hits, 0 errors, 0 left on base; Northville 9 - Myrtle Beach 4
TOP OF THE 7TH
Northville Eclipse batting - Pitching for Myrtle Beach Mermen : RHP Jorge Reyna
Batting: RHB Chang-lit Min 0-0: Ball
1-0: Ball
2-0: Foul Ball, location: 2F
2-1: Called Strike
2-2: Foul Ball, location: 2F
2-2: Fly out, F3 (Popup, 3SF)
Batting: LHB Jorge Borbón 0-0: Called Strike
0-1: Ball
1-1: Ball
2-1: Called Strike
2-2: Ground out U3 (Groundball, 3)
Batting: RHB Sidney Mackell 0-0: Ball
1-0: Ball
2-0: Fly out, F8 (Flyball, 8RS)
Top of the 7th over - 0 runs, 0 hits, 0 errors, 0 left on base; Northville 9 - Myrtle Beach 4
BOTTOM OF THE 7TH
Myrtle Beach Mermen batting - Pitching for Northville Eclipse : LHP Ricardo Fraga
Batting: RHB Gomez Talone 0-0: Ground out U3 (Groundball, 3)
Batting: RHB Guillermo Montepeque 0-0: Ball
1-0: Ball
2-0: Foul Ball, location: 2F
2-1: Ball
3-1: Foul Ball, location: 2F
3-2: Strikes out swinging
Batting: RHB Jorge Reyes 0-0: Ball
1-0: Ball
2-0: DOUBLE (Line Drive, 9LS)
Pitching: LHP Xavier Padilla
Batting: RHB Maik Palen 0-0: Ball
1-0: Called Strike
1-1: Fly out, F5 (Line Drive, 5)
Bottom of the 7th over - 0 runs, 1 hit, 0 errors, 1 left on base; Northville 9 - Myrtle Beach 4
TOP OF THE 8TH
Northville Eclipse batting - Pitching for Myrtle Beach Mermen : RHP Jorge Reyna
Batting: RHB Manuel Barrios 0-0: Ball
1-0: Ball
2-0: Ball
3-0: Base on Balls
Pitching: RHP Sun Kwan
Batting: RHB Alfonso Grappasonni 0-0: Called Strike
0-1: Ball
1-1: Ball
2-1: Fielders Choice at 2nd, 6-4 (Groundball, 6MD)
Batting: RHB Dave Shaw 0-0: Ball
Alfonso Grappasonni steals 2nd base
1-0: Swinging Strike
1-1: Called Strike
1-2: Strikes out swinging
Batting: RHB John Townsend 0-0: Ball
1-0: Called Strike
1-1: Ball
2-1: Swinging Strike
2-2: Ball
3-2: Fly out, F6 (Popup, 6MS)
Top of the 8th over - 0 runs, 0 hits, 0 errors, 1 left on base; Northville 9 - Myrtle Beach 4
BOTTOM OF THE 8TH
Myrtle Beach Mermen batting - Pitching for Northville Eclipse : LHP Xavier Padilla
Batting: LHB Shigenobu Ohayashi 0-0: Called Strike
0-1: Foul Ball, location: 2F
0-2: Ball
1-2: Foul Ball, location: 2F
1-2: Ground out 4-3 (Groundball, 4)
Batting: RHB Sancho Romero 0-0: Ball
1-0: Ball
2-0: Swinging Strike
2-1: Ball
3-1: Swinging Strike
3-2: Strikes out looking
Batting: RHB Maikel Cobblepot 0-0: Ball
1-0: Foul Ball, location: 2F
1-1: Foul Ball, location: 2F
1-2: Foul Ball, location: 2F
1-2: Ground out 6-3 (Groundball, 6)
Bottom of the 8th over - 0 runs, 0 hits, 0 errors, 0 left on base; Northville 9 - Myrtle Beach 4
TOP OF THE 9TH
Northville Eclipse batting - Pitching for Myrtle Beach Mermen : RHP Sun Kwan
Batting: LHB Darrell Woodmansee 0-0: Fly out, F8 (Flyball, 89D)
Batting: LHB Octávio Ontiveros 0-0: Called Strike
0-1: Ball
1-1: Ball
2-1: Ball
3-1: Base on Balls
Batting: RHB Chang-lit Min 0-0: Ball
1-0: Ball
2-0: Swinging Strike
2-1: Swinging Strike
2-2: Strikes out swinging
Octávio Ontiveros steals 2nd base
Batter strikes out.
Batting: LHB Jorge Borbón 0-0: SINGLE (Flyball, 9LS)
Octávio Ontiveros to third
Runner from 3rd tries for Home, SAFE, no throw
Batting: RHB Sidney Mackell 0-0: Swinging Strike
0-1: SINGLE (Line Drive, 89M)
Jorge Borbón to second
Runner from 2nd tries for 3rd, SAFE, no throw
Batting: RHB Manuel Barrios 0-0: Ball
1-0: Ball
2-0: Ball
3-0: Base on Balls
Sidney Mackell to second
Batting: RHB Alfonso Grappasonni 0-0: Ball
1-0: Ball
2-0: Foul Ball, location: 2F
2-1: Fly out, F8 (Flyball, 78S)
Top of the 9th over - 1 run, 2 hits, 0 errors, 3 left on base; Northville 10 - Myrtle Beach 4
BOTTOM OF THE 9TH
Myrtle Beach Mermen batting - Pitching for Northville Eclipse : LHP Xavier Padilla
Now at 1B: Luis Hernández
Batting: RHB Héctor Rivera 0-0: Ball
1-0: Called Strike
1-1: Called Strike
1-2: Ball
2-2: Ball
3-2: Strikes out swinging
Batting: RHB David Meléndez 0-0: Called Strike
0-1: Ball
1-1: Called Strike
1-2: Foul Ball, location: 2F
1-2: Strikes out looking
Batting: RHB Gomez Talone 0-0: Ground out 5-3 (Groundball, 5L)
Bottom of the 9th over - 0 runs, 0 hits, 0 errors, 0 left on base; Northville 10 - Myrtle Beach 4
Sunday, March 18th, 2018 - OOTP Baseball 18.8 Build 76